APL (24 & UNDER)
NASHUA REDLEGS @ DETROIT DIRTY SNOW
09/20/2025
 
TOP OF THE 1ST
Nashua Redlegs batting - Pitching for Detroit Dirty Snow : LHP Jason Simpson
Pitching: LHP Jason Simpson
Batting: RHB Manuel Alonso 0-0: Called Strike
0-1: Ground out 5-3 (Groundball, 56)
Batting: RHB Eleuterio Supardo 0-0: Ball
1-0: Called Strike
1-1: Foul Ball, location: 2F
1-2: Strikes out looking
Batting: RHB Héctor Vázquez 0-0: Ball
1-0: Called Strike
1-1: Ground out 3-1 (Groundball, 34)
Top of the 1st over - 0 run(s), 0 hit(s), 0 error(s), 0 left on base; Nashua 0 - Detroit 0
BOTTOM OF THE 1ST
Detroit Dirty Snow batting - Pitching for Nashua Redlegs : LHP Raúl Fernández
Pitching: LHP Raúl Fernández
Batting: RHB Don Hooper 0-0: Fly out, F8 (Flyball, 8LM)
Batting: RHB Cristo Souza 0-0: Ball
1-0: Called Strike
1-1: SINGLE (Groundball, 5L)
Batting: LHB Eric Powell 0-0: Fielders Choice at 2nd, 4-6 (Groundball, 4)
Batting: RHB Héctor Berrios 0-0: Called Strike
0-1: Ball
1-1: Ball
2-1: Ball
3-1: Base on Balls
Eric Powell to second
Batting: SHB Tim Reid 0-0: Called Strike
0-1: Ball
1-1: Foul Ball, location: 2F
1-2: Ball
2-2: Ball
3-2: Strikes out swinging
Bottom of the 1st over - 0 run(s), 1 hit(s), 0 error(s), 2 left on base; Nashua 0 - Detroit 0
TOP OF THE 2ND
Nashua Redlegs batting - Pitching for Detroit Dirty Snow : LHP Jason Simpson
Batting: RHB Javier Ortíz 0-0: Ball
1-0: Ball
2-0: Ball
3-0: Base on Balls
Batting: LHB Bill McCraney 0-0: Ball
1-0: Called Strike
1-1: SINGLE (Groundball, 4M)
Javier Ortíz to second
Batting: RHB Gabriel Erwin 0-0: Ball
Javier Ortíz steals 3rd base
Bill McCraney to second
1-0: Ball
2-0: Called Strike
2-1: Ball
3-1: Ground out 6-3 (Groundball, 6M)
Javier Ortíz scores
Bill McCraney to third
Batting: LHB Tim Ramsey 0-0: Ball
1-0: Swinging Strike
1-1: Swinging Strike
1-2: Ball
2-2: Ball
3-2: Foul Ball, location: 2F
3-2: Foul Ball, location: 2F
3-2: Strikes out looking
Batting: SHB José Hernández 0-0: Called Strike
0-1: Ball
1-1: Called Strike
1-2: Ball
2-2: Strikes out looking
Top of the 2nd over - 1 run(s), 1 hit(s), 0 error(s), 1 left on base; Nashua 1 - Detroit 0
BOTTOM OF THE 2ND
Detroit Dirty Snow batting - Pitching for Nashua Redlegs : LHP Raúl Fernández
Batting: RHB José Velásquez 0-0: Ball
1-0: Ball
2-0: Called Strike
2-1: Ball
3-1: Foul Ball, location: 2F
3-2: Foul Ball, location: 2F
3-2: Fly out, F2 (Popup, 23F)
Batting: RHB Charlie O'Farrell 0-0: Called Strike
0-1: Foul Ball, location: 2F
0-2: Foul Ball, location: 2F
0-2: SOLO HOME RUN (Flyball, 7D), Distance : 374 ft
Batting: RHB Manny Perea 0-0: DOUBLE (Line Drive, 5D)
Batting: SHB Alan Garland 0-0: Ball
1-0: Ball
2-0: Foul Ball, location: 2F
2-1: Foul Ball, location: 2F
2-2: SINGLE (Groundball, 56D)
Manny Perea to third
Batting: RHB Don Hooper 0-0: Ball
1-0: Ball
2-0: SINGLE (Groundball, 34)
Manny Perea scores
Alan Garland to second
Runner from 2nd tries for 3rd, OUT!
Don Hooper to second
Batting: RHB Cristo Souza 0-0: Ball
1-0: Called Strike
1-1: Foul Ball, location: 2F
1-2: Ball
2-2: Foul Ball, location: 2F
2-2: Ball
3-2: Foul Ball, location: 2F
3-2: Foul Ball, location: 2F
3-2: Foul Ball, location: 2F
3-2: Foul Ball, location: 2F
3-2: Base on Balls
Batting: LHB Eric Powell 0-0: Ball
1-0: Called Strike
1-1: Ball
2-1: Ball
3-1: Base on Balls
Don Hooper to third
Cristo Souza to second
Batting: RHB Héctor Berrios 0-0: Called Strike
0-1: Ball
1-1: Ball
2-1: Ball
3-1: Base on Balls
Don Hooper scores
Cristo Souza to third
Eric Powell to second
Batting: SHB Tim Reid 0-0: Ball
1-0: SINGLE (Line Drive, 8RS)
Cristo Souza scores
Eric Powell to third
Héctor Berrios to second
Runner from 3rd tries for Home, SAFE, no throw or cutoff
Batting: RHB José Velásquez 0-0: Ball
1-0: SINGLE (Line Drive, 78S)
Héctor Berrios to third
Tim Reid to second
Runner from 3rd tries for Home, SAFE, throw made home
Tim Reid to third
José Velásquez to second
Batting: RHB Charlie O'Farrell 0-0: Called Strike
0-1: Hit by Pitch
Batting: RHB Manny Perea 0-0: Ball
1-0: Reached on error, E6 (Groundball, 6)
Tim Reid scores
José Velásquez to third
Charlie O'Farrell to second
Batting: SHB Alan Garland 0-0: Called Strike
0-1: Ball
1-1: Ball
2-1: Ball
3-1: Base on Balls
José Velásquez scores
Charlie O'Farrell to third
Manny Perea to second
Pitching: LHP Jorge Melgaza
Batting: RHB Don Hooper 0-0: Ball
1-0: Called Strike
1-1: Ball
2-1: Foul Ball, location: 2F
2-2: Ball
3-2: Foul Ball, location: 2F
3-2: Strikes out swinging
Bottom of the 2nd over - 8 run(s), 6 hit(s), 1 error(s), 3 left on base; Nashua 1 - Detroit 8
TOP OF THE 3RD
Nashua Redlegs batting - Pitching for Detroit Dirty Snow : LHP Jason Simpson
Batting: RHB Currito Campos 0-0: Called Strike
0-1: Ball
1-1: SOLO HOME RUN (Flyball, 9D), Distance : 388 ft
Batting: RHB Manuel Alonso 0-0: Called Strike
0-1: Foul Ball, location: 2F
0-2: Strikes out swinging
Pitching: RHP Benjamin Hutchison
Batting: RHB Eleuterio Supardo 0-0: Called Strike
0-1: Foul Ball, location: 2F
0-2: Ball
1-2: Strikes out looking
Batting: RHB Héctor Vázquez 0-0: Fly out, F4 (Popup, 34)
Top of the 3rd over - 1 run(s), 1 hit(s), 0 error(s), 0 left on base; Nashua 2 - Detroit 8
BOTTOM OF THE 3RD
Detroit Dirty Snow batting - Pitching for Nashua Redlegs : LHP Jorge Melgaza
Batting: RHB Cristo Souza 0-0: Ball
1-0: Ground out 4-3 (Groundball, 4)
Batting: LHB Eric Powell 0-0: Foul Ball, location: 2F
0-1: Ball
1-1: Ball
2-1: Ground out U3 (Groundball, 3)
Batting: RHB Héctor Berrios 0-0: Ball
1-0: Called Strike
1-1: Ball
2-1: Called Strike
2-2: Strikes out swinging
Bottom of the 3rd over - 0 run(s), 0 hit(s), 0 error(s), 0 left on base; Nashua 2 - Detroit 8
TOP OF THE 4TH
Nashua Redlegs batting - Pitching for Detroit Dirty Snow : RHP Benjamin Hutchison
Batting: RHB Javier Ortíz 0-0: Called Strike
0-1: Ball
1-1: Called Strike
1-2: Ball
2-2: Strikes out swinging
Batting: LHB Bill McCraney 0-0: Foul Ball, location: 2F
0-1: Ball
1-1: Swinging Strike
1-2: Strikes out swinging
Batting: RHB Gabriel Erwin 0-0: Foul Ball, location: 2F
0-1: Ball
1-1: Swinging Strike
1-2: Foul Ball, location: 2F
1-2: Ball
2-2: Strikes out swinging
Top of the 4th over - 0 run(s), 0 hit(s), 0 error(s), 0 left on base; Nashua 2 - Detroit 8
BOTTOM OF THE 4TH
Detroit Dirty Snow batting - Pitching for Nashua Redlegs : LHP Jorge Melgaza
Batting: SHB Tim Reid 0-0: Ball
1-0: Ball
2-0: SINGLE (Line Drive, 6D)
Batting: RHB José Velásquez 0-0: Called Strike
0-1: Ball
1-1: Ball
2-1: Ball
3-1: Swinging Strike
3-2: Base on Balls
Tim Reid to second
Batting: RHB Charlie O'Farrell 0-0: Ball
1-0: Ball
Passed Ball!
Tim Reid to third
José Velásquez to second
2-0: Ball
3-0: Base on Balls
Batting: RHB Manny Perea 0-0: Called Strike
0-1: Fly out, F2 (Popup, 5SF)
Pitching: RHP Fernando Valdés
Batting: SHB Alan Garland 0-0: Ball
1-0: Ball
2-0: Called Strike
2-1: Foul Ball, location: 2F
2-2: Fly out, F5 (Popup, 25F)
Batting: RHB Don Hooper 0-0: Swinging Strike
0-1: Ball
1-1: Ball
2-1: Foul Ball, location: 2F
2-2: Foul Ball, location: 2F
2-2: Strikes out looking
Bottom of the 4th over - 0 run(s), 1 hit(s), 0 error(s), 3 left on base; Nashua 2 - Detroit 8
TOP OF THE 5TH
Nashua Redlegs batting - Pitching for Detroit Dirty Snow : RHP Benjamin Hutchison
Batting: LHB Tim Ramsey 0-0: Foul Ball, location: 2F
0-1: Swinging Strike
0-2: Strikes out looking
Batting: SHB José Hernández 0-0: Foul Ball, location: 2F
0-1: Ball
1-1: Foul Ball, location: 2F
1-2: Fly out, F4 (Line Drive, 4M)
Batting: RHB Currito Campos 0-0: Ball
1-0: Ground out 2-3 (Groundball, 23)
Top of the 5th over - 0 run(s), 0 hit(s), 0 error(s), 0 left on base; Nashua 2 - Detroit 8
BOTTOM OF THE 5TH
Detroit Dirty Snow batting - Pitching for Nashua Redlegs : RHP Fernando Valdés
Batting: RHB Cristo Souza 0-0: Ball
1-0: Swinging Strike
1-1: Ball
2-1: Ball
3-1: Called Strike
3-2: DOUBLE (Line Drive, 78D)
Batting: LHB Eric Powell 0-0: Swinging Strike
0-1: Ball
1-1: Ground out U3 (Groundball, 3L)
Cristo Souza to third
Batting: RHB Héctor Berrios 0-0: Called Strike
0-1: Ball
1-1: Ball
2-1: Swinging Strike
2-2: Ball
3-2: Strikes out swinging
Batting: SHB Tim Reid 0-0: Foul Ball, location: 2F
0-1: Ball
1-1: Fly out, F7 (Flyball, 7M)
Bottom of the 5th over - 0 run(s), 1 hit(s), 0 error(s), 1 left on base; Nashua 2 - Detroit 8
TOP OF THE 6TH
Nashua Redlegs batting - Pitching for Detroit Dirty Snow : RHP Benjamin Hutchison
Batting: RHB Manuel Alonso 0-0: Called Strike
0-1: SINGLE (Flyball, 34D)
Batting: RHB Eleuterio Supardo 0-0: Ball
1-0: Ball
2-0: Foul Ball, location: 2F
2-1: Ball
3-1: Base on Balls
Manuel Alonso to second
Batting: RHB Héctor Vázquez 0-0: Fly out, F8 (Flyball, 8RS)
Batting: RHB Javier Ortíz 0-0: Called Strike
0-1: Ball
1-1: Ball
2-1: Called Strike
2-2: Strikes out swinging
Batting: LHB Bill McCraney 0-0: Ball
1-0: Called Strike
1-1: Ball
2-1: Ball
3-1: Base on Balls
Manuel Alonso to third
Eleuterio Supardo to second
Batting: RHB Gabriel Erwin 0-0: Ball
1-0: Called Strike
1-1: Fly out, F9 (Flyball, 9M)
Top of the 6th over - 0 run(s), 1 hit(s), 0 error(s), 3 left on base; Nashua 2 - Detroit 8
BOTTOM OF THE 6TH
Detroit Dirty Snow batting - Pitching for Nashua Redlegs : RHP Fernando Valdés
Pitching: RHP Samuel Farrell
Batting: RHB José Velásquez 0-0: Ball
1-0: Ball
2-0: DOUBLE (Flyball, 78M)
Batting: RHB Charlie O'Farrell 0-0: Ball
1-0: Foul Ball, location: 2F
1-1: Foul Ball, location: 2F
1-2: Strikes out swinging
Batting: RHB Manny Perea 0-0: Ball
1-0: Ball
2-0: Fly out, F8 (Line Drive, 8LD)
Runner from 2nd tags up, SAFE at 3rd, no throw
Batting: SHB Alan Garland 0-0: Called Strike
0-1: Ball
1-1: Fly out, F8 (Flyball, 78M)
Bottom of the 6th over - 0 run(s), 1 hit(s), 0 error(s), 1 left on base; Nashua 2 - Detroit 8
TOP OF THE 7TH
Nashua Redlegs batting - Pitching for Detroit Dirty Snow : RHP Benjamin Hutchison
Pitching: RHP Vaughan Horne
Batting: LHB Tim Ramsey 0-0: Called Strike
0-1: Ball
1-1: Called Strike
1-2: Ball
2-2: Foul Ball, location: 2F
2-2: Strikes out swinging
Batting: SHB José Hernández 0-0: Ball
1-0: Swinging Strike
1-1: SINGLE (Line Drive, 9S)
Batting: RHB Currito Campos 0-0: Ball
1-0: Ball
2-0: SINGLE (Line Drive, 8LS)
José Hernández to second
Batting: RHB Manuel Alonso 0-0: Called Strike
0-1: Ball
1-1: Foul Ball, location: 2F
1-2: Strikes out swinging
Batting: RHB Eleuterio Supardo 0-0: Called Strike
0-1: Ball
1-1: Ball
2-1: Swinging Strike
2-2: Strikes out swinging
Top of the 7th over - 0 run(s), 2 hit(s), 0 error(s), 2 left on base; Nashua 2 - Detroit 8
BOTTOM OF THE 7TH
Detroit Dirty Snow batting - Pitching for Nashua Redlegs : RHP Samuel Farrell
Batting: RHB Don Hooper 0-0: Called Strike
0-1: Foul Ball, location: 2F
0-2: Foul Ball, location: 2F
0-2: Foul Ball, location: 2F
0-2: Ground out 4-3 (Groundball, 4)
Batting: RHB Cristo Souza 0-0: Called Strike
0-1: Ball
1-1: Ball
2-1: SINGLE (Line Drive, 7S)
Batting: LHB Eric Powell 0-0: Called Strike
0-1: Called Strike
0-2: Strikes out swinging
Batting: RHB Héctor Berrios 0-0: Ball
1-0: Ball
2-0: Foul Ball, location: 2F
2-1: Ball
3-1: SINGLE (Line Drive, 6MD)
Cristo Souza to second
Runner from 2nd tries for 3rd, SAFE, throw made to third
Batting: SHB Tim Reid 0-0: Called Strike
0-1: Ball
1-1: Ball
2-1: Ground out U3 (Groundball, 3)
Bottom of the 7th over - 0 run(s), 2 hit(s), 0 error(s), 2 left on base; Nashua 2 - Detroit 8
TOP OF THE 8TH
Nashua Redlegs batting - Pitching for Detroit Dirty Snow : RHP Vaughan Horne
Batting: RHB Héctor Vázquez 0-0: Ball
1-0: Called Strike
1-1: Foul Ball, location: 2F
1-2: Ball
2-2: Ball
3-2: Foul Ball, location: 2F
3-2: Foul Ball, location: 2F
3-2: Base on Balls
Batting: RHB Javier Ortíz 0-0: Swinging Strike
0-1: Foul Ball, location: 2F
0-2: Ball
1-2: Fly out, F7 (Flyball, 7M)
Batting: LHB Bill McCraney 0-0: Ball
1-0: Called Strike
1-1: SINGLE (Line Drive, 4)
Héctor Vázquez to second
Batting: RHB Gabriel Erwin 0-0: DOUBLE (Groundball, 5L)
Héctor Vázquez scores
Bill McCraney to third
Batting: LHB Tim Ramsey 0-0: Ground out 1-3 (Groundball, 13S)
Batting: SHB José Hernández 0-0: Ball
1-0: Ball
2-0: Ball
3-0: Base on Balls
Pitching: RHP Vaughn Stanley
Batting: RHB Currito Campos 0-0: Ground out 6-3 (Groundball, 6)
Top of the 8th over - 1 run(s), 2 hit(s), 0 error(s), 3 left on base; Nashua 3 - Detroit 8
BOTTOM OF THE 8TH
Detroit Dirty Snow batting - Pitching for Nashua Redlegs : RHP Samuel Farrell
Batting: RHB José Velásquez 0-0: Foul Ball, location: 2F
0-1: Swinging Strike
0-2: Strikes out swinging
Batting: RHB Charlie O'Farrell 0-0: Ground out 4-3 (Groundball, 4)
Pitching: RHP Carlos Rodríguez
Batting: RHB Manny Perea 0-0: Ball
1-0: Called Strike
1-1: Ball
2-1: Ball
3-1: Base on Balls
Batting: SHB Alan Garland 0-0: Called Strike
0-1: Called Strike
0-2: Ball
1-2: Ball
2-2: Foul Ball, location: 2F
2-2: Strikes out swinging
Bottom of the 8th over - 0 run(s), 0 hit(s), 0 error(s), 1 left on base; Nashua 3 - Detroit 8
TOP OF THE 9TH
Nashua Redlegs batting - Pitching for Detroit Dirty Snow : RHP Vaughn Stanley
Batting: RHB Manuel Alonso 0-0: Swinging Strike
0-1: Ball
1-1: Foul Ball, location: 2F
1-2: Foul Ball, location: 2F
1-2: Foul Ball, location: 2F
1-2: Strikes out swinging
Batting: RHB Eleuterio Supardo 0-0: Called Strike
0-1: Ball
1-1: Ball
2-1: Called Strike
2-2: Foul Ball, location: 2F
2-2: Strikes out swinging
Batting: RHB Héctor Vázquez 0-0: Ball
1-0: Called Strike
1-1: Ball
2-1: Ground out 5-3 (Groundball, 5S)
Top of the 9th over - 0 run(s), 0 hit(s), 0 error(s), 0 left on base; Nashua 3 - Detroit 8
This league is powered by Out of the Park Baseball, the baseball management simulation game for PC, Mac and Linux
Tuesday, August 2nd, 2016 - OOTP Baseball 16.8 Build 38